 Dungeon Crawl Stone Soup version 0.24.0-13-gcf9b319 (webtiles) character file.

Game seed: 16062028655042811048, levelgen mode: deterministic

57 Fang the Shield-Bearer (level 4, -4/29 HPs)
             Began as a Gargoyle Fighter on Dec 16, 2019.
             Slain by a centaur (5 damage)
             ... on level 3 of the Dungeon.
             The game lasted 00:01:46 (1500 turns).

Fang the Shield-Bearer (Gargoyle Fighter)           Turns: 1500, Time: 00:01:47

Health: -4/29      AC: 10    Str: 20    XL:     4   Next: 0%
Magic:  4/4        EV:  7    Int:  9    God:
Gold:   66         SH:  9    Dex:  9    Spells: 3/3 levels left

rFire    . . .     SeeInvis .   a - +0 war axe
rCold    . . .     Gourm    .   c - +0 shield
rNeg     + . .     Faith    .   b - +0 scale mail
rPois    ∞         Spirit   .   (no helmet)
rElec    +         Reflect  .   (no cloak)
rCorr    .         Harm     .   (no gloves)
MR       .....                  (no boots)
Stlth    +.........             p - amulet of regeneration
HPRegen  0.49/turn              q - ring of stealth
MPRegen  0.09/turn              (no ring)

@: no status effects
A: negative energy resistance 1, electricity resistance, unbreathing,
petrification resistance, rot immunity, AC +3
a: no special abilities


You were on level 3 of the Dungeon.
You were not hungry.

You visited 1 branch of the dungeon, and saw 3 of its levels.

You collected 66 gold pieces.

Inventory:

Hand Weapons
 a - a +0 war axe (weapon)
Armour
 b - a +0 scale mail (worn)
 c - a +0 shield (worn)
Jewellery
 p - an amulet of regeneration (around neck)
 q - a ring of stealth (left hand)
 r - an uncursed ring of resist corrosion {unknown}
 s - an uncursed ring of stealth
Scrolls
 e - a scroll of identify {unknown}
 h - a scroll of fog {unknown}
 i - 2 scrolls of enchant weapon {unknown}
 k - 2 scrolls of teleportation {unknown}
 l - a scroll of amnesia {unknown}
 m - 2 scrolls of magic mapping {unknown}
Potions
 d - a potion of might
 g - a potion of ambrosia {unknown}
 j - 2 potions of curing {unknown}
 o - a potion of heal wounds {unknown}
 t - a potion of haste {unknown}
Comestibles
 f - 4 rations
 n - 8 chunks of flesh


   Skills:
 + Level 3.7 Fighting
 + Level 2.4 Axes
 + Level 3.8 Armour
 + Level 3.9 Shields


You had 3 spell levels left.
You didn't know any spells.
Your spell library contained the following spells:

 Spells                   Type           Power        Failure   Level  Hunger
 Magic Dart               Conj           #...         99%         1    ##.....
 Blink                    Tloc           N/A          100%        2    ###....
 Call Imp                 Summ           #.......     100%        2    ###....
 Slow                     Hex            #.......     100%        2    ###....
 Conjure Flame            Conj/Fire      #.......     100%        3    ####...
 Mephitic Cloud           Conj/Pois/Air  #.......     100%        3    ####...


Dungeon Overview and Level Annotations

Branches:
Dungeon (3/15)

Altars:
Fedhas
Sif Muna


Innate Abilities, Weirdness & Mutations

You are resistant to torment.
Your stone body is resilient. (AC +3)
You are immune to poison.
You resist negative energy. (rN+)
You are resistant to electric shocks. (rElec)
You can survive without breathing.
You are immune to petrification.
You are immune to rotting.


Message History

The centaur unwields a +0 shortbow.
The centaur hits you.
* * * LOW HITPOINT WARNING * * *
The centaur hits you.
* * * LOW HITPOINT WARNING * * *
The centaur hits you.
* * * LOW HITPOINT WARNING * * *
You hit the centaur but do no damage. The centaur barely misses you.
The centaur hits you.
* * * LOW HITPOINT WARNING * * *
You closely miss the centaur. The centaur barely misses you.
The centaur hits you but does no damage.
You slash the centaur!
The centaur is heavily wounded.
The centaur hits you but does no damage.
The centaur hits you.
* * * LOW HITPOINT WARNING * * *
You hit the centaur but do no damage.
The centaur is heavily wounded.
The centaur barely misses you. The centaur hits you.
You die...

. $.[...#
#.#..(..#########
#..(.............
#................
....(............
.....(†..........
#..<†........
##..(..#######
#....@.......
###..c.######
##.#.$..
#.#.....#
#.#.....#
..##+#### .## ##


You could see a centaur.

Vanquished Creatures
  An adder (D:2)
  2 dart slugs (D:1)
  A leopard gecko (D:2)
  2 bats
  6 giant cockroaches
  6 goblins
  5 hobgoblins
  A ball python (D:2)
  3 frilled lizards
  3 kobolds
  12 rats
42 creatures vanquished.

Notes
Turn   | Place    | Note
-------+----------+-------------------------------------------
     0 | D:1      | Fang the Gargoyle Fighter began the quest for the Orb.
     0 | D:1      | Reached XP level 1. HP: 14/14 MP: 1/1
   105 | D:1      | Reached XP level 2. HP: 14/19 MP: 2/2
   756 | D:2      | Reached XP level 3. HP: 22/23 MP: 3/3
   771 | D:2      | Found a blossoming altar of Fedhas.
   771 | D:2      | Found a shimmering blue altar of Sif Muna.
  1487 | D:3      | Noticed a centaur
  1492 | D:3      | Reached XP level 4. HP: 18/29 MP: 4/4
  1497 | D:3      | HP: 1/29 [centaur (3)]
  1500 | D:3      | Slain by a centaur

Levels and vault maps discovered:
D:1:      dpeg_arrival_rooms_a, layout_loops_cross
D:2:      layout_basic, chequers_temple_overflow_statue_of_worship
D:3:      cheibrodos_greedy_goblins, layout_basic, uniq_jessica

Skill      XL: |  1  2 |
---------------+-------+-----
Axes           | 2 |  2.4
Fighting       | |  3.7
Armour         | |  3.8
Shields        | |  3.9

Action                   |  1- 3 |  4- 6 || total
-------------------------+-------+-------++-------
Melee: War axe           |   138 |     4 ||   142
  Eat: Chunk             |     2 |       ||     2
Armor: Scale mail        |    86 |     3 ||    89
Dodge: Dodged            |    53 |     4 ||    57
Block: Shield            |    69 |     1 ||    70
